 Dungeon Crawl Stone Soup version 0.32-a0-42-ga30500b4d3 (webtiles) character file.

Game seed: 4787999183130671469

57 protoss039 the Digger (level 3, 0/24 HPs)
             Began as a Demonspawn Earth Elementalist on Jan 31, 2024.
             Slain by Natasha (1 damage)
             ... on level 2 of the Dungeon.
             The game lasted 00:01:39 (931 turns).

protoss039 the Digger (DsEE)                         Turns: 931, Time: 00:01:40

Health: 0/24       AC:  3    Str:  5 (8)  XL:     3   Next: 73%
Magic:  0/6        EV: 12    Int: 16 (17) God:
Gold:   30         SH:  0    Dex: 10 (13) Spells: 2/6 levels left

rFire   . . .        f - +3 dagger
rCold   . . .        (no shield)
rNeg    . . .        a - +0 robe
rPois   .            (no helmet)
rElec   .            (no cloak)
rCorr   .            (no gloves)
SInv    .            (no boots)
Will    .....        (no amulet)
Stlth   ++           (no ring)
HPRegen 0.24/turn    (no ring)
MPRegen 0.10/turn

%: no passive effects
@: slowed, very slow
A: sharp scales 1, demonic touch 1
a: no special abilities


You were on level 2 of the Dungeon.
You visited 1 branch of the dungeon, and saw 2 of its levels.

You collected 30 gold pieces.

Inventory:

Hand Weapons
 f - a +3 dagger (weapon)
Armour
 a - a +0 robe (worn)
Scrolls
 c - a scroll of blinking {unknown}
 d - a scroll of identify {unknown}
 g - 2 scrolls of enchant armour {unknown}
Potions
 b - a potion of magic


   Skills:
 + Level 2.2 Dodging
 + Level 2.3 Stealth
 + Level 2.4 Spellcasting
 + Level 1.8 Conjurations
 + Level 3.0 Earth Magic


You had 2 spell levels left.
You knew the following spells:

 Your Spells              Type           Power      Damage    Failure   Level
a - Sandblast             Erth           22%        2d7       5%          1
b - Passwall              Erth           11%        N/A       17%         3

Your spell library contained the following spells:

 Spells                   Type           Power      Damage    Failure   Level
 Necrotise                Necr           4%         1d4       21%         1
 Stone Arrow              Conj/Erth      18%        3d8       22%         3
 Vampiric Draining        Necr           1%         2d6       52%         3
 Brom's Barrelling Bould  Conj/Erth      9%         2d3       58%         4
 Petrify                  Alch/Erth      6%         N/A       71%         4
 Martyr's Knell           Necr/Summ      1%         N/A       89%         4
 Curse of Agony           Necr           1%         N/A       99%         5


Dungeon Overview and Level Annotations

Branches:
Dungeon (2/15) Zot: 11048

Altars:

Annotations:
D:2 Natasha


Innate Abilities, Weirdness & Mutations

You are partially covered in razor-sharp scales. (AC +1, Slay +1)
Your touch may inflict minor irresistible damage on your foes.


Message History

The cerulean imp hits you from afar with a +0 spear.
Casting: Sandblast (safe; 5% risk of failure)
Confirm with . or Enter, or press ? or * to list all spells.
Aiming: Sandblast (safe; 5% risk of failure)
Press: ? - help, Shift-Dir - straight line, f/p - Natasha
Aim: Natasha (moderately wounded, 77% to hit)
The blast of sand misses Natasha.
Natasha wildly gestures.
Natasha's front paws start to glow.
Natasha claws you.
* * * LOW HITPOINT WARNING * * *
The cerulean imp closely misses you. Natasha completely misses you.
A frilled lizard comes into view.
The cerulean imp hits you from afar with a +0 spear.
* * * LOW HITPOINT WARNING * * *
Casting: Sandblast (safe; 5% risk of failure)
Confirm with . or Enter, or press ? or * to list all spells.
Aiming: Sandblast (safe; 5% risk of failure)
Press: ? - help, Shift-Dir - straight line, f/p - Natasha
Aim: Natasha (moderately wounded, 77% to hit)
The blast of sand hits Natasha.
Natasha is moderately wounded.
The frilled lizard hisses angrily.
An adder comes into view.
Natasha closely misses you.
The cerulean imp hits you but does no damage.
Natasha barely misses you.
The cerulean imp hits you from afar with a +0 spear.
* * * LOW HITPOINT WARNING * * *
The adder moves out of view.
It was a potion of degeneration.
There was something very wrong with that liquid.
You feel weakened.
You feel dopey.
You feel clumsy. Natasha casts a spell at you.
You feel as though you will be slow longer.
The cerulean imp hits you but does no damage.
Natasha mewls in sadness.
Natasha claws you.
You die...
Natasha curls up and begins to purr.

..##..# #.# ..##..# #.#
####..# #.## . #..#
###..## .. #..###.....##
... ####.).##.#.#..#
.... #.........#.##.##
.....
#.....###.##[#..##5l....
#.....# #..#.#..@hr.....
####..# ##.....###......
#..# ##.#### ##### #..#
#.# #..# .# ... #


You could see Natasha, a cerulean imp (summoned), a frilled lizard and a rat.

Vanquished Creatures
  An adder (D:2)
  A dart slug (D:1)
  A ball python (D:1)
  5 endoplasms
  2 giant cockroaches
  4 goblins (D:1)
  5 hobgoblins
  8 jackals (D:2)
  2 kobolds (D:2)
  A quokka (D:1)
  3 bats (D:1)
  3 frilled lizards
  2 rats
38 creatures vanquished.

Notes
Turn   | Place    | Note
-------+----------+-------------------------------------------
     0 | D:1      | protoss039 the Demonspawn Earth Elementalist began the
                  | quest for the Orb.
     0 | D:1      | Reached XP level 1. HP: 13/13 MP: 3/3
   140 | D:1      | Gained mutation: Your touch may inflict minor irresistible
                  | damage on your foes. [demonic ancestry]
   140 | D:1      | Reached XP level 2. HP: 19/19 MP: 3/5
   652 | D:1      | Gained mutation: You are partially covered in razor-sharp
                  | scales. (AC +1, Slay +1) [demonic ancestry]
   652 | D:1      | Reached XP level 3. HP: 24/24 MP: 2/6
   728 | D:1      | Learned a level 3 spell: Passwall
   780 | D:2      | Reached skill level 3 in Earth Magic
   921 | D:2      | Noticed Natasha
   930 | D:2      | HP: 1/24 [cerulean imp/+0 spear[Natasha] (2)]
   931 | D:2      | Slain by Natasha

Illustrated notes

Levels and vault maps discovered:
D:1:      amcnicky_arrival_gap_in_the_tavern_cellar, layout_basic,
          roderic_roman_lattice
D:2:      layout_basic, minmay_pentomino_s2, uniq_natasha

Skill      XL: |  1  2  3 |
---------------+----------+-----
Stealth        | 2 |  2.3
Dodging        | 2 |  2.2
Earth Magic    | 3 |  3.0
Spellcasting   | |  2.4
Conjurations   | |  1.8

Action                     || total
---------------------------++-------
  Melee: Club              ||     1
         Dagger            ||    22
         Touch             ||     5
   Cast: Sandblast         ||    39
    Use: Potion            ||     1
   Stab: Sleeping          ||     2
 Armour: Robe              ||    27
  Dodge: Dodged            ||    24

Table legend: (Time is in decaauts)
 A = Elapsed time spent in this place.
 B = Non-inter-level travel time spent in this place.
 C = Inter-level travel time spent in this place.
 D = Time resting spent in this place.
 E = Time spent auto-exploring this place.
 F = Levels seen in this place.
 G = Mean time per level.
                   A        B        C        D        E       F      G
               +--------+--------+--------+--------+--------+-----+--------+
         Total |    950 |    920 |     30 |      0 |    732 |   2 |  475.0 |
       Dungeon |    950 |    920 |     30 |      0 |    732 |   2 |  475.0 |
               +--------+--------+--------+--------+--------+-----+--------+

Top non-repeatable levels by time:
     D:1: 736 daAuts
     D:2: 213 daAuts
